 Dungeon Crawl Stone Soup version 0.25.1-2-g60ff931df9 (webtiles) character file.

Game seed: 7772241516375717900

4794 hawla the Carver (level 10, -3/88 HPs)
             Began as a Minotaur Fighter on Oct 20, 2020.
             Was an Initiate of Gozag.
             Slain by an orc knight
             ... wielding a cursed -1 war axe
              (23 damage)
             ... on level 7 of the Dungeon on Oct 21, 2020.
             The game lasted 00:27:22 (5591 turns).

hawla the Carver (Minotaur Fighter)                 Turns: 5591, Time: 00:27:22

Health: -3/88      AC: 18    Str: 24    XL:     10   Next: 24%
Magic:  9/9        EV: 10    Int:  5    God:    Gozag
Gold:   416        SH:  0    Dex: 10    Spells: 9/9 levels left

rFire    . . .     SeeInvis +   a - +3 long sword
rCold    + . .     Gourm    .   (no shield)
rNeg     . . .     Faith    .   v - +3 plate armour
rPois    .         Spirit   .   (helmet restricted)
rElec    .         Reflect  .   (no cloak)
rCorr    .         Harm     .   d - +0 pair of gloves
MR       .....                  (no boots)
Stlth    ..........             e - amulet of regeneration
HPRegen  0.64/turn              t - ring of see invisible
MPRegen  0.11/turn              x - ring of protection from cold

@: gold aura
A: retaliatory headbutt, horns 2
a: Potion Petition, Call Merchant, Bribe Branch, Renounce Religion


You were on level 7 of the Dungeon.
You worshipped Gozag.
Gozag was aware of your devotion.
You were not hungry.

You visited 2 branches of the dungeon, and saw 8 of its levels.
You also visited: Bailey.

You collected 752 gold pieces.
You spent 150 gold pieces at shops.
You paid 186 gold pieces to Gozag.

Inventory:

Hand Weapons
 a - a +3 long sword (weapon)
Missiles
 j - a boomerang (quivered)
 k - 24 poisoned darts
 n - 4 atropa-tipped darts
 p - 2 throwing nets
Armour
 d - a +0 pair of gloves (worn)
 v - a +3 plate armour (worn)
Jewellery
 e - an amulet of regeneration (around neck)
 r - an uncursed ring of poison resistance
 t - a ring of see invisible (left hand)
 x - a ring of protection from cold (right hand)
Scrolls
 b - 3 scrolls of remove curse
 g - a scroll of magic mapping
 h - 2 scrolls of identify
Potions
 c - a potion of magic
 i - 4 potions of flight
 m - a potion of haste
 u - a potion of curing
Comestibles
 f - 10 rations


   Skills:
 + Level 7.9 Fighting
   Level 3.1(6.3) Short Blades
 + Level 9.4(9.7) Long Blades
 + Level 4.4 Throwing
 + Level 8.5 Armour
 * Level 8.2 Dodging
 + Level 1.7 Stealth
   Level 3.6 Shields
   Level 0.3 Evocations


You had 9 spell levels left.
You didn't know any spells.
Your spell library was empty.

Dungeon Overview and Level Annotations

Branches:
Dungeon (7/15)             Temple (1/1) D:4          Bailey (visited)

Altars:
Ashenzari
Cheibriados
Dithmenos
Elyvilon
Fedhas
Gozag
Hepliaklqana
Kikubaaqudgha
Makhleb
Nemelex Xobeh
Okawaru
Qazlal
Ru
Sif Muna
Trog
Uskayaw
Vehumet
Wu Jian
Xom
Yredelemnul
Zin
The Shining One

Shops:
D:4 :   D:6 *}==   D:7 *

Annotations:
D:7 1 runed translucent door, Godmorgon's ghost, novice KoBe; Joseph


Innate Abilities, Weirdness & Mutations

You reflexively headbutt those who attack you in melee.
You have a pair of horns on your head.


Message History

The orc becomes distracted by the nearby gold, dreaming of imaginary riches.
The orc knight closely misses you. You furiously retaliate!
You headbutt the orc knight, but do no damage.
Welcome back to the Dungeon!
Level annotation: 1 runed translucent door, Godmorgon's ghost, novice KoBe; Joseph
There is an empty arch of ancient stone here.
You miss the orc knight. You headbutt the orc knight.
The orc knight is severely wounded.
You hit the orc knight.
The orc knight is severely wounded.
The orc knight hits you but does no damage.
You hit the orc knight.
The orc knight is almost dead.
The orc knight hits you with a cursed -1 war axe.
* * * LOW HITPOINT WARNING * * *
You closely miss the orc knight. You headbutt the orc knight.
The orc knight is almost dead.
The orc knight hits you with a cursed -1 war axe!!
You die...
Your body crumbles into a pile of gold.

,,,,,,,,**,,,,*
,,,,,,,,**,,,,**###*
***,,,,,**,,^,,,,..*
*,,,,,**,,,,**##.###
*,,,,,**,,,,,,,....#
********,,,≈≈≈≈≈≈≈.#
*,,,,,,,,,≈#####≈$#
*,,,,,,,,,≈#.(.#≈.#
****,,,,,,,,,≈#.@(.≈.####
,,,+,,,,,,,,,≈#.o.#≈...>#
****,,,,,,,,,≈#####≈.####
*,,,,,,,,,≈≈≈≈≈≈≈.#
#......,,,........##### *
#......,,,..$.###.....#
#*##.....,,,,....* #####.#
.##.....,,,,,...,* #...#
.......#**############.###


You could see an orc knight.

Vanquished Creatures
  An orc warlord (Bailey)
  Harold (D:7)
  An orc knight (Bailey)
  Menkaure (D:4)
  A water moccasin (D:6)
  A sky beast (D:6)
  6 orc warriors (Bailey)
  3 phantoms
  An ogre (D:4)
  A centaur (D:6)
  4 bullfrogs
  Blork the orc (D:6)
  4 killer bees (D:7)
  5 howler monkeys
  2 crimson imps (D:5)
  2 centaur zombies (D:5)
  2 orc priests
  3 hounds
  2 jellies
  4 orc wizards
  A centaur skeleton (D:5)
  Natasha (thrice) (D:2)
  A bullfrog skeleton (D:4)
  An iguana (D:4)
  2 worker ants
  A hound zombie (D:7)
  A howler monkey skeleton (D:4)
  11 gnolls
  10 adders
  A shadow imp (D:6)
  2 oozes (D:3)
  3 worms
  2 dart slugs
  4 leopard geckos
  17 orcs
  3 ball pythons
  5 giant cockroaches
  22 goblins
  17 hobgoblins
  3 jackals (D:5)
  3 quokkas
  6 bats (D:1)
  6 frilled lizards
  8 kobolds
  4 rats
183 creatures vanquished.

Vanquished Creatures (others)
  A fungus (D:6)
  3 toadstools (D:6)
4 creatures vanquished.

Grand Total: 187 creatures vanquished

Notes
Turn   | Place    | Note
-------+----------+-------------------------------------------
     0 | D:1      | hawla the Minotaur Fighter began the quest for the Orb.
     0 | D:1      | Reached XP level 1. HP: 19/19 MP: 0/0
   191 | D:1      | Reached XP level 2. HP: 27/27 MP: 1/1
   343 | D:1      | Reached skill level 1 in Dodging
   735 | D:2      | Noticed Natasha
   742 | D:2      | Killed Natasha
   742 | D:2      | Reached skill level 3 in Long Blades
   742 | D:2      | Reached XP level 3. HP: 24/34 MP: 2/2
   973 | D:2      | Reached XP level 4. HP: 41/41 MP: 3/3
   999 | D:2      | Noticed Natasha
  1006 | D:2      | Killed Natasha
  1006 | D:2      | Reached skill level 1 in Throwing
  1142 | D:2      | Noticed Natasha
  1147 | D:2      | Killed Natasha
  1147 | D:2      | Reached skill level 4 in Long Blades
  1161 | D:2      | Reached XP level 5. HP: 47/47 MP: 4/4
  2004 | D:4      | Reached XP level 6. HP: 32/53 MP: 5/5
  2098 | D:4      | Reached skill level 5 in Long Blades
  2255 | D:4      | Found a staircase to the Ecumenical Temple.
  2261 | Temple   | Entered the Ecumenical Temple
  2531 | D:4      | Noticed Menkaure
  2540 | D:4      | Killed Menkaure
  2540 | D:4      | Reached skill level 5 in Fighting
  2540 | D:4      | Reached skill level 5 in Armour
  2540 | D:4      | Reached XP level 7. HP: 28/61 MP: 6/6
  2729 | D:4      | Found Ipesen's Book Emporium.
  2938 | D:4      | Reached skill level 6 in Long Blades
  3078 | D:5      | Entered Level 5 of the Dungeon
  3111 | D:5      | Found a blossoming altar of Fedhas.
  3114 | D:5      | Reached skill level 5 in Dodging
  3253 | D:5      | Found an ornate altar of the Wu Jian Council.
  3302 | D:5      | Reached XP level 8. HP: 69/69 MP: 7/7
  3473 | D:5      | Reached skill level 7 in Long Blades
  3496 | D:5      | Reached skill level 1 in Short Blades
  4011 | D:6      | Found Zaniki's Jewellery Shop.
  4016 | D:6      | Bought an uncursed ring of see invisible for 150 gold
                  | pieces
  4099 | D:6      | Found Poch's Gadget Shoppe.
  4113 | D:6      | Found Seyvaaj's Assorted Antiques.
  4205 | D:6      | Found Nusoy's Jewellery Boutique.
  4213 | D:6      | Noticed Blork the orc
  4368 | D:6      | Killed Blork the orc
  4834 | D:7      | Found Losy's Assorted Antiques.
  4861 | D:7      | Reached XP level 9. HP: 38/78 MP: 8/8
  4898 | D:7      | Found an opulent altar of Gozag.
  4910 | D:7      | Became a worshipper of Gozag Ym Sagoz the Greedy
  4925 | D:7      | Reached skill level 1 in Stealth
  4931 | D:7      | Noticed Godmorgon's ghost (novice KoBe)
  4934 | D:7      | Found a runed translucent door.
  4959 | D:7      | Noticed Harold
  4992 | D:7      | HP: 5/117 [Harold/+0 long sword (12)]
  4993 | D:7      | Killed Harold
  4993 | D:7      | Reached skill level 8 in Long Blades
  4997 | D:7      | HP: 4/118 [acid (4)]
  5058 | D:7      | Found a flagged portal.
  5066 | D:7      | Noticed Joseph
  5072 | Bailey   | Entered a bailey
  5550 | Bailey   | Noticed an orc knight
  5550 | Bailey   | Noticed an orc warlord
  5550 | Bailey   | Noticed an orc knight
  5582 | Bailey   | Killed an orc warlord
  5582 | Bailey   | Reached skill level 9 in Long Blades
  5582 | Bailey   | Reached XP level 10. HP: 17/88 MP: 9/9
  5583 | Bailey   | Killed an orc knight
  5591 | D:7      | Slain by an orc knight

Illustrated notes

Levels and vault maps discovered:
D:1:      dpeg_arrival_simpleton_c, layout_basic, minmay_misc_feat_x
D:2:      layout_loops_ring, first_ration, minmay_splitting_lines,
          patterned_corridor, uniq_natasha
D:3:      layout_rooms
D:4:      layout_rooms, temple_green, serial_shops, nicolae_shop_crystal,
          grunt_ministairs_1, st_stairs_11, uniq_menkaure
D:5:      layout_basic, basic_altar, fedhas_altar_3
D:6:      layout_cave_pods, serial_shops, nicolae_shop_stone, shop,
          kennysheep_little_box, shop, minmay_gold_behind_fungi,
          uniq_blork_the_orc
D:7:      layout_basic, old_standard_altar, serial_shops, nicolae_shop_crystal,
          enter_bailey_3, hellmonk_ghost_happy_afterlife, uniq_joseph,
          uniq_crazy_yiuf_cottage, uniq_harold
Temple:   roderic_octagonal_lattice_temple

Skill      XL: |  1  2  3  4  5  6  7  8  9 |
---------------+----------------------------+-----
Fighting       | 4 5 6 7 |  7.9
Dodging        | 1 2 3 5 6 8 |  8.2
Armour         | 4 5 6 8 |  8.5
Long Blades    | 3 4 5 6 7 9 |  9.4
Throwing       | 1 2 3 4 |  4.4
Short Blades   | 3 |  3.1
Stealth        | 1 |  1.7
Shields        | |  3.6
Evocations     | |  0.3

Action                   |  1- 3 |  4- 6 |  7- 9 | 10-12 || total
-------------------------+-------+-------+-------+-------++-------
Melee: Long sword        |    72 |    88 |   249 |     4 ||   413
       Headbutt          |     6 |    18 |    75 |     2 ||   101
       Short sword       |       |       |   144 |       ||   144
Throw: Boomerang         |     9 |    11 |    40 |     3 ||    63
       Dart              |       |       |    11 |       ||    11
Evoke: Wand              |       |       |     9 |       ||     9
  Use: Scroll            |     3 |     2 |    17 |       ||    22
       Potion            |       |     2 |     4 |       ||     6
 Stab: Confused          |       |       |     3 |       ||     3
  Eat: Chunk             |       |     5 |     9 |       ||    14
       Ration            |       |       |     1 |       ||     1
Armor: Scale mail        |    31 |       |       |       ||    31
       Chain mail        |     4 |     7 |   149 |       ||   160
       Robe              |       |    13 |     6 |       ||    19
       Skin              |       |       |    14 |       ||    14
       Plate armour      |       |       |     9 |     1 ||    10
Dodge: Dodged            |    22 |    66 |   193 |     1 ||   282
Block: Kite shield       |    30 |       |       |       ||    30
       Rpst.: Long sword |     5 |    14 |    42 |       ||    61
